 Dungeon Crawl Stone Soup version 0.31-a0-851-g7ff8af7976 (webtiles) character file.

Game seed: 6407797299650084708

0 Kurtz the Sneak (level 1, 0/18 HPs)
             Began as a Mummy Delver on Oct 6, 2023.
             Slain by a water moccasin (5 damage)
             ... on level 5 of the Dungeon.
             The game lasted 00:00:02 (24 turns).

Kurtz the Sneak (Mummy Delver)                        Turns: 24, Time: 00:00:03

Health: 0/18       AC:  3    Str: 15    XL:     1   Next: 0%
Magic:  1/1        EV: 11    Int:  9    God:
Gold:   0          SH:  0    Dex: 13    Spells: 0/0 levels left

rFire   x . .        a - +0 hand axe
rCold   + . .        (no shield)
rNeg    + + +        b - +0 leather armour
rPois   ∞            (no helmet)
rElec   .            (no cloak)
rCorr   .            (no gloves)
SInv    .            (no boots)
Will    .....        (no amulet)
Stlth   ++           (no ring)
HPRegen 0.23/turn    (no ring)
MPRegen 0.07/turn

%: faith
@: no status effects
A: cold resistance 1, negative energy resistance 3, torment resistance 2, heat
vulnerability 1, in touch with death 1, no potions, faith
a: no special abilities


You were on level 5 of the Dungeon.
You visited 1 branch of the dungeon, and saw 1 of its levels.

Inventory:

Hand Weapons
 a - a +0 hand axe (weapon)
Armour
 b - a +0 leather armour (worn)
Wands
 f - a wand of digging (3)
Scrolls
 c - a scroll of fog
 d - a scroll of revelation
 e - a scroll of fear
 g - a scroll of identify {unknown}


   Skills:
 - Level 3.0 Fighting
 * Level 1.5 Axes
 - Level 1.5 Dodging
 - Level 4.1 Stealth


You couldn't memorise any spells.
You didn't know any spells.
Your spell library was empty.

Dungeon Overview and Level Annotations

Branches:
Dungeon (5/15)
 Temple: D:4-7

Altars:


Innate Abilities, Weirdness & Mutations

You are immune to poison.
Your flesh is cold resistant. (rC+)
You are immune to negative energy. (rN+++)
You are immune to unholy pain and torment.
You are vulnerable to heat. (rF-)
You are in touch with the powers of death.
You do not drink.
You have a special connection with the divine. (Faith)


Message History

A water moccasin comes into view.
A water moccasin is nearby!
An adder comes into view.
The adder hisses angrily.
The adder misses you.
There are monsters nearby!
You hit the adder.
The adder is lightly wounded.
The adder bites you but does no damage. The adder bites you.
You closely miss the adder.
The adder is lightly wounded.
The adder closely misses you.
You barely miss the adder.
The adder is lightly wounded.
You hit the adder.
The adder is heavily wounded.
You barely miss the water moccasin. The water moccasin closely misses you.
The adder bites you but does no damage. The water moccasin bites you.
You hit the adder.
The adder is severely wounded.
You miss the water moccasin. The adder barely misses you.
The water moccasin bites you. The adder closely misses you.
The water moccasin closely misses you.
You are too injured to fight recklessly!
You are too injured to fight recklessly!
Unknown command.
You closely miss the adder.
The adder is severely wounded.
You closely miss the water moccasin. The adder misses you.
The water moccasin bites you but does no damage.
The adder bites you.
* * * LOW HITPOINT WARNING * * *
The water moccasin bites you.
* * * LOW HITPOINT WARNING * * *
You are too injured to fight recklessly!
You are too injured to fight recklessly!
You hit the adder.
You kill the adder!
You hit the water moccasin. The water moccasin bites you.
You die...

. .. ####
...###...
........##
#..†..# ##.S@.#
#...#.# ##..#.#
#..#.# #..#.#
##..#.# #.....#
###########..###
........# #..#


You could see a water moccasin.

Vanquished Creatures
  An adder (D:5)
1 creature vanquished.

Notes
Turn   | Place    | Note
-------+----------+-------------------------------------------
     0 | D:5      | Kurtz the Mummy Delver began the quest for the Orb.
     0 | D:5      | Reached XP level 1. HP: 18/18 MP: 1/1
    14 | D:5      | Noticed a water moccasin
    24 | D:5      | Slain by a water moccasin

Illustrated notes

Levels and vault maps discovered:
D:5:      minmay_opposing_rooms, layout_loops_ring,
          nicolae_ru_the_path_less_chosen, serial_shops, shop

Action                     || total
---------------------------++-------
  Melee: Hand axe          ||     7
 Armour: Leather armour    ||     9
  Dodge: Dodged            ||     7

Table legend: (Time is in decaauts)
 A = Elapsed time spent in this place.
 B = Non-inter-level travel time spent in this place.
 C = Inter-level travel time spent in this place.
 D = Time resting spent in this place.
 E = Time spent auto-exploring this place.
 F = Levels seen in this place.
 G = Mean time per level.
                   A        B        C        D        E       F      G
               +--------+--------+--------+--------+--------+-----+--------+
         Total |     25 |     25 |      0 |      0 |     13 |   1 |   25.0 |
       Dungeon |     25 |     25 |      0 |      0 |     13 |   1 |   25.0 |
               +--------+--------+--------+--------+--------+-----+--------+

Top non-repeatable levels by time:
     D:5: 25 daAuts
